 Dungeon Crawl Stone Soup version 0.30.0-15-g856e2d3f33 (webtiles) character file.

Game seed: 4245209849923094093

2 jtron the Vexing (level 1, -4/7 HPs)
             Began as a Felid Enchanter on May 18, 2023.
             Frozen to death by an endoplasm (5 damage)
             ... on level 1 of the Dungeon.
             The game lasted 00:00:33 (364 turns).

jtron the Vexing (Felid Enchanter)                   Turns: 364, Time: 00:00:33

Health: -4/7       AC:  1    Str:  4    XL:     1   Next: 25%
Magic:  4/4        EV: 17    Int: 16    God:
Gold:   40         SH:  0    Dex: 16    Spells: 4/4 levels left
                                        Lives:  0   Deaths: 0

rFire   . .          .
                       - Unarmed
rCold   . . .        (shield unavailable)
rNeg    . . .        (body armour unavailable)
rPois   .            (helmet unavailable)
rElec   .            (cloak unavailable)
rCorr   .            (gloves unavailable)
SInv    +            (boots unavailable)
Will    .....        (no amulet)
Stlth   +++          (no ring)
HPRegen 0.21/turn    (no ring)
MPRegen 0.09/turn

%: no passive effects
@: quick
A: very small, claws 1, fangs 3, see invisible, speed 1, shaggy fur 1, stealthy
paws, no weapons or thrown items, no armour, multi-lived
a: no special abilities


You were on level 1 of the Dungeon.
You visited 1 branch of the dungeon, and saw 1 of its levels.

You collected 40 gold pieces.

Inventory:

Potions
 a - 2 potions of invisibility
 b - a potion of flight {unknown}
 c - a potion of resistance {unknown}


   Skills:
 + Level 2.6 Dodging
 + Level 4.2 Stealth
 + Level 1.0 Unarmed Combat
 + Level 2.0 Spellcasting
 + Level 4.4 Hexes


You had 4 spell levels left.
You didn't know any spells.
Your spell library contained the following spells:

 Spells                   Type           Power      Damage    Failure   Level
 Confusing Touch          Hex            15%        N/A       11%         3
 Tukima's Dance           Hex            15%        N/A       11%         3
 Ensorcelled Hibernation  Hex/Ice        16%        N/A       13%         2
 Dazzling Flash           Conj/Hex       16%        N/A       26%         3


Dungeon Overview and Level Annotations

Branches:
Dungeon (1/15)

Altars:


Innate Abilities, Weirdness & Mutations

You have sharp claws.
You have razor-sharp teeth.
You have supernaturally acute eyesight. (SInv)
You cover ground quickly. (Speed+)
You are covered in fur. (AC +1)
Your paws help you pounce on unaware monsters.
You are incapable of wielding weapons or throwing items.
You cannot wear armour.
You gain extra lives every three experience levels.


Message History

The goblin barely misses you.
You scratch the goblin but do no damage.
The goblin is heavily wounded.
The goblin barely misses you.
You scratch the goblin.
You kill the goblin!
You see here a +0 club.
You see here a +0 club.
You now have 15 gold pieces (gained 6).
You now have 29 gold pieces (gained 14).
c - a green potion You now have 40 gold pieces (gained 11).
There is a stone staircase leading down here.
An endoplasm comes into view.
Found a scroll labelled WISUAL NEEDUA.
The endoplasm hits you.
You scratch the endoplasm but do no damage.
The endoplasm closely misses you.
You scratch the endoplasm.
The endoplasm is moderately wounded.
The endoplasm freezes you.
You are frozen.
Ouch! That really hurt!
* * * LOW HITPOINT WARNING * * *
You are too injured to fight recklessly!
You are too injured to fight recklessly!
You are too injured to fight recklessly!
You are too injured to fight recklessly!
You barely miss the endoplasm.
The endoplasm is moderately wounded.
The endoplasm barely misses you.
You scratch the endoplasm. You bite the endoplasm.
The endoplasm is severely wounded.
The endoplasm closely misses you.
You scratch the endoplasm but do no damage.
The endoplasm is severely wounded.
The endoplasm freezes you.
You are frozen.
Ouch! That really hurt!
You die...

... ...#... #... #......
####...###....>. ######
#...#..........# ##.....
#.#.#........... #......
#.#.#........... .......
#.#.##.......#..
......J##.#.###+##...#..
..?....@....# #.##.####.
....###.....# #..#.# ##
. #.......####.#.# ###
#.....#........# #..
#.....######...###.#
#....###.....#...#.#
#+#### #.......#.#.#
#.......+...#
##......#..##


You could see an endoplasm.

Vanquished Creatures
  A goblin (D:1)
  A ball python (D:1)
2 creatures vanquished.

Notes
Turn   | Place    | Note
-------+----------+-------------------------------------------
     0 | D:1      | jtron the Felid Enchanter began the quest for the Orb.
     0 | D:1      | Reached XP level 1. HP: 7/7 MP: 4/4
   364 | D:1      | Frozen to death by an endoplasm

Illustrated notes

Levels and vault maps discovered:
D:1:      psy_arrival_radial02, layout_basic, minmay_tromino_v4_b

Action                     || total
---------------------------++-------
  Melee: Unarmed           ||    11
         Bite              ||     2
  Dodge: Dodged            ||    13
